 Dungeon Crawl Stone Soup version 0.24-a0-272-g1411513 (webtiles) character file.

Game seed: 11457187531270188196

78 Ijustatesigmund the Chopper (level 4, 0/33 HPs)
             Began as an Octopode Fighter on Apr 25, 2019.
             Shot with an arrow by a centaur (7 damage)
             ... on level 3 of the Dungeon.
             The game lasted 00:03:54 (1740 turns).

Ijustatesigmund the Chopper (Octopode Fighter)      Turns: 1740, Time: 00:03:55

Health: 0/33       AC:  1    Str: 15    XL:     4   Next: 36%
Magic:  4/4        EV: 11    Int: 10    God:
Gold:   85         SH:  8    Dex: 12    Spells: 3/3 levels left

rFire    . . .     SeeInvis .   a - +0 war axe
rCold    . . .     Gourm    .   b - +0 shield
rNeg     . . .     Faith    .   (helmet restricted)
rPois    .         Spirit   .   (no amulet)
rElec    .         Reflect  .   (no ring)
rCorr    .         Harm     .   (no ring)
MR       .....                  (no ring)
Stlth    ++........             (no ring)
HPRegen  0.11/turn              (no ring)
MPRegen  0.09/turn              (no ring)
                                (no ring)
                                (no ring)

@: about to teleport
A: almost no armour, stealthy swim, amphibious, 8 rings, constrict 8, camouflage
1, gelatinous body 1
a: no special abilities


You were on level 3 of the Dungeon.
You were hungry.

You visited 1 branch of the dungeon, and saw 3 of its levels.

You collected 85 gold pieces.

Inventory:

Hand Weapons
 a - a +0 war axe (weapon)
Missiles
 g - 5 javelins (quivered)
Armour
 b - a +0 shield (worn)
Jewellery
 i - a +4 ring of strength
Scrolls
 e - 2 scrolls of magic mapping {unknown}
 f - a scroll of identify
 h - a scroll of remove curse {unknown}
 j - 2 scrolls of teleportation
Potions
 c - a potion of might
Comestibles
 d - 5 rations


   Skills:
 - Level 3.7 Fighting
 + Level 3.8 Axes
 - Level 3.0 Dodging
 - Level 3.0 Shields


You had 3 spell levels left.
You didn't know any spells.
Your spell library was empty.

Dungeon Overview and Level Annotations

Branches:
Dungeon (3/15)

Altars:
Fedhas
Gozag
Kikubaaqudgha
Vehumet
Yredelemnul


Innate Abilities, Weirdness & Mutations

You cannot wear most types of armour.
You are very stealthy in the water. (Stealth+)
You are amphibious.
You can wear up to eight rings at the same time.
You can use your tentacles to constrict eight enemies at once.
Your skin changes colour to match your surroundings (Stealth+).
Your rubbery body absorbs attacks. (AC +1, EV +1)


Message History

You are too injured to fight recklessly!
You are too injured to fight recklessly!
You are too injured to fight recklessly!
You are too injured to fight recklessly!
You are too injured to fight recklessly!
You are too injured to fight recklessly!
You are too injured to fight recklessly!
You are too injured to fight recklessly!
Okay, then.
As you read the scroll labeled TOAPRE WIZUHAHU, it crumbles to dust.
It is a scroll of identify.
i - a +4 ring of strength The centaur shoots an arrow.
The arrow hits you.
* * * LOW HITPOINT WARNING * * *
The centaur shoots an arrow.
The arrow misses you.
Okay, then.
As you read the scroll labeled MAKLEM FAXKEIF, it crumbles to dust.
You feel strangely unstable.
It was a scroll of teleportation.
The centaur shoots an arrow.
The arrow hits you!
You die...

#.#
#.#######.
#.........
#.#####.#.
########.#
.........#
########.#
#.#######.#
#..((@..c.#
###########


You could see a centaur.

Vanquished Creatures
  2 adders (D:2)
  An ooze (D:1)
  A worm (D:2)
  4 dart slugs (D:1)
  2 leopard geckos (D:2)
  2 giant cockroaches (D:1)
  4 goblins (D:1)
  4 hobgoblins
  2 jackals (D:2)
  6 kobolds
  4 bats
  5 frilled lizards (D:1)
  6 rats
43 creatures vanquished.

Notes
Turn   | Place    | Note
-------+----------+-------------------------------------------
     0 | D:1      | Ijustatesigmund the Octopode Fighter began the quest for
                  | the Orb.
     0 | D:1      | Reached XP level 1. HP: 16/16 MP: 1/1
    99 | D:1      | Reached XP level 2. HP: 16/21 MP: 2/2
   480 | D:1      | Reached XP level 3. HP: 26/26 MP: 3/3
  1050 | D:2      | Found a radiant altar of Vehumet.
  1062 | D:2      | Reached XP level 4. HP: 28/33 MP: 4/4
  1115 | D:2      | Found a blossoming altar of Fedhas.
  1129 | D:2      | Found a basalt altar of Yredelemnul.
  1131 | D:2      | Found an ancient bone altar of Kikubaaqudgha.
  1307 | D:2      | Found a blossoming altar of Fedhas.
  1702 | D:3      | Found an opulent altar of Gozag.
  1735 | D:3      | Noticed a centaur
  1740 | D:3      | Shot with an arrow by a centaur

Levels and vault maps discovered:
D:1:      wander_arrival_fairy_ring, layout_loops_ring, serial_park_tiny_pond
D:2:      layout_loops_ring, yredelemnul_altar_generic,
          overflow_temple_1_default, vehumet_crystals,
          kiku_gazebo_garden_becter, fedhas_altar_2
D:3:      layout_loops_ring, nicolae_gozag_cash_rules_everything_around_me

Skill      XL: |  1  2  3 |
---------------+----------+-----
Axes           | 3 |  3.8
Fighting       | |  3.7
Dodging        | |  3.0
Shields        | |  3.0

Action                   |  1- 3 |  4- 6 || total
-------------------------+-------+-------++-------
Melee: War axe           |    63 |    19 ||    82
       Constrict         |    12 |     8 ||    20
       Tentacles         |     9 |     2 ||    11
  Use: Scroll            |       |     2 ||     2
       Potion            |       |     1 ||     1
 Stab: Sleeping          |     9 |       ||     9
  Eat: Chunk             |     1 |     1 ||     2
Armor: Skin              |     6 |     5 ||    11
Dodge: Dodged            |    20 |     9 ||    29
Block: Shield            |    22 |     9 ||    31

Table legend:
 A = Non-vault XP
 B = Vault XP
 C = Vault XP percentage of total XP
 D = Non-vault monster count
 E = Vault monster count
 F = Vault count percentage of total count
                 A         B        C        D         E       F
            +---------+---------+-------+---------+---------+-------
      Total |     112 |       0 |   0.0 |      43 |       0 |   0.0
            +---------+---------+-------+---------+---------+-------
        D:1 |      62 |       0 |   0.0 |      30 |       0 |   0.0
        D:2 |      50 |       0 |   0.0 |      13 |       0 |   0.0
            +---------+---------+-------+---------+---------+-------
